 Dungeon Sprint DCSS version 0.26-a0-778-g3fe0686644 (webtiles) character file.

Game seed: 13739545148162090529

335 sahdkjhfkaj the Zephyrmancer (level 6, -1/32 HPs)
             Began as a Tengu Air Elementalist on Nov 9, 2020.
             Was an Elder of Sif Muna.
             Slain by a deep troll (15 damage)
             ... in the Dungeon (Sprint VII: "The Pits").
             The game lasted 00:02:53 (1061 turns).

sahdkjhfkaj the Zephyrmancer (TeAE)                 Turns: 1061, Time: 00:02:53

Health: -1/32      AC:  2    Str:  8    XL:     6   Next: 53%
Magic:  1/17       EV: 15    Int: 18    God:    Sif Muna [****..]
Gold:   0          SH:  0    Dex: 14    Spells: 14/19 levels left

rFire    . . .     SeeInvis .   l - +2 falchion
rCold    . . .     Faith    .   (no shield)
rNeg     . . .     Spirit   .   a - +0 robe
rPois    .         Reflect  .   (helmet restricted)
rElec    .         Harm     .   (no cloak)
rCorr    .         Rampage  .   (no gloves)
MR       .....     NoTele   +   (boots unavailable)
Stlth    ++........             (no amulet)
HPRegen  0.10/turn              (no ring)
MPRegen  0.15/turn              (no ring)

@: flying quickly and evasively, quick
A: beak, talons 3, able to fly
a: Stop Flying, Channel Magic, Forget Spell, Divine Exegesis, Renounce Religion


You were in the Dungeon.
You worshipped Sif Muna.
Sif Muna was greatly pleased with you.
You visited 1 branch

Inventory:

Hand Weapons
 l - a +2 falchion (weapon)
Armour
 a - a +0 robe (worn)
Scrolls
 h - a scroll of blinking {!r}
 i - 3 scrolls of remove curse {!r}
 j - 5 scrolls of amnesia {!r}
Potions
 b - 2 potions of invisibility {!q}
 c - 5 potions of curing {!q}
 d - 5 potions of heal wounds {!q}
 e - a potion of haste {!q}
 f - 4 potions of magic {!q}
 g - 3 potions of berserk rage {!q}


   Skills:
 - Level 2.1 Dodging
 - Level 2.0 Stealth
 + Level 7.0 Spellcasting
 - Level 10.6 Conjurations
 - Level 10.6 Air Magic


You had 14 spell levels left.
You knew the following spells:

 Your Spells              Type           Power        Failure   Level
a - Shock                 Conj/Air       ####         1%          1
x - Airstrike             Air            #####.....   1%          4

Your spell library contained the following spells:

 Spells                   Type           Power        Failure   Level
 Swiftness                Air            #####...     1%          2
 Static Discharge         Conj/Air       #####...     1%          3
 Lightning Bolt           Conj/Air       #####.....   3%          5


Dungeon Overview and Level Annotations

Branches:
Dungeon (1/1)

Altars:
Ashenzari
Cheibriados
Dithmenos
Elyvilon
Fedhas
Gozag
Hepliaklqana
Kikubaaqudgha
Makhleb
Nemelex Xobeh
Okawaru
Qazlal
Ru
Sif Muna
Trog
Uskayaw
Vehumet
Wu Jian
Xom
Yredelemnul
Zin
The Shining One
Beogh
Jiyva
Lugonu


Innate Abilities, Weirdness & Mutations

You have a beak for a mouth.
You have claws for feet.
You can fly continuously.


Message History

The deep troll is moderately wounded.
Really read
k - a scroll of summoning {!r}?
As you read the scroll of summoning {!r}, it crumbles to dust.
Wisps of shadow whirl around you... The deep troll closely misses you.
You riposte.
You hit the deep troll but do no damage.
The deep troll is moderately wounded.
The deep troll claws you! x2
* * * LOW HITPOINT WARNING * * *
Casting: Airstrike (dangerous; 1% risk of failure)
Confirm with . or Enter, or press ? or * to list all spells.
Aiming: Shock (safe; 1% risk of failure)
Press: ? - help, Shift-Dir - straight line, f/p - deep troll
Aim: a deep troll (moderately wounded)
The zap hits the deep troll.
The deep troll is moderately wounded.
The deep troll bites you.
* * * LOW HITPOINT WARNING * * *
The deep troll barely misses you. The deep troll claws you!
You die...

############ #_________.#
#_________.#
#_______...###########++######
##########'##................#
#.?(.')))'.##......#..#......#
##########.##................+
#...........'..T@............+
#'#####)#####..x...#..#......#
#)#...#.#..##................#
#)#..)#.#))#####'#####++######
#.#...'.#))##.......#
#.##รท####))##.......#
#.#.)...#[[##.......#
#.#.....#'###...<...#
#.#........##.......#


You could see a deep troll and a friendly small abomination (summoned).

Vanquished Creatures
  A fire bat (D)
  A water moccasin (D)
  An orc priest (D)
  A worker ant (D)
  2 ufetubi (D)
  An ooze (D)
  7 orcs (D)
  A ball python (D)
  A bat (D)
  A giant cockroach (D)
  A quokka (D)
  A rat (D)
19 creatures vanquished.

Notes
Turn   | Place    | Note
-------+----------+-------------------------------------------
     0 | D        | sahdkjhfkaj the Tengu Air Elementalist began the quest for
                  | the Orb.
     0 | D        | Reached XP level 1. HP: 10/10 MP: 4/4
    97 | D        | Found a bloodstained altar of Trog.
    97 | D        | Found a shimmering blue altar of Sif Muna.
    97 | D        | Found a viscous altar of Jiyva.
    97 | D        | Found a hazy altar of Hepliaklqana.
    97 | D        | Found an opulent altar of Gozag.
    98 | D        | Found a glowing golden altar of the Shining One.
    98 | D        | Found a glowing silver altar of Zin.
    98 | D        | Found a basalt altar of Yredelemnul.
    98 | D        | Found a shimmering altar of Xom.
    98 | D        | Found an ornate altar of the Wu Jian Council.
    98 | D        | Found a sacrificial altar of Ru.
    98 | D        | Found a stormy altar of Qazlal.
    98 | D        | Found an iron altar of Okawaru.
    98 | D        | Found a sparkling altar of Nemelex Xobeh.
    98 | D        | Found a burning altar of Makhleb.
    98 | D        | Found a blossoming altar of Fedhas.
    98 | D        | Found a white marble altar of Elyvilon.
    98 | D        | Found a shadowy altar of Dithmenos.
    98 | D        | Found a snail-covered altar of Cheibriados.
    99 | D        | Found a radiant altar of Vehumet.
    99 | D        | Found a corrupted altar of Lugonu.
    99 | D        | Found a roughly hewn altar of Beogh.
   100 | D        | Found an ancient bone altar of Kikubaaqudgha.
   100 | D        | Found a hide-covered altar of Uskayaw.
   100 | D        | Found a broken altar of Ashenzari.
   103 | D        | Became a worshipper of Sif Muna the Loreminder
   135 | D        | Reached XP level 2. HP: 15/15 MP: 3/6
   139 | D        | Reached skill level 5 in Conjurations
   139 | D        | Reached skill level 5 in Air Magic
   197 | D        | Reached * piety under Sif Muna
   240 | D        | Reached ** piety under Sif Muna
   247 | D        | Reached XP level 3. HP: 2/19 MP: 0/7
   594 | D        | Reached *** piety under Sif Muna
   594 | D        | Reached XP level 4. HP: 23/24 MP: 4/8
   685 | D        | Learned a level 4 spell: Airstrike
   810 | D        | Noticed a water moccasin
   815 | D        | Killed a water moccasin
   815 | D        | Reached **** piety under Sif Muna
   815 | D        | Reached skill level 10 in Conjurations
   815 | D        | Reached skill level 10 in Air Magic
   815 | D        | Gained mutation: You can fly continuously. [Tengu growth]
   815 | D        | Reached XP level 5. HP: 28/28 MP: 0/9
   904 | D        | Noticed a fire bat
   909 | D        | Killed a fire bat
   909 | D        | Reached XP level 6. HP: 32/32 MP: 2/16
  1019 | D        | Noticed a deep troll
  1061 | D        | Slain by a deep troll

Illustrated notes

Levels and vault maps discovered:
D:        pitsprint [storerooms_1, entrance_room_1, metal_vault_4, armoury_1,
          mini_pit_1, grid_room_1, main_hall_1, silver_pit, the_coven_3,
          the_vestibule_1, steel_vault_5, golden_pit, hallway_of_sentries,
          crystal_vault_2, iron_vault_2, final_vault]

Skill      XL: |  1  2  3  4  5  6 |
---------------+-------------------+-----
Conjurations   | 4 6 7 10 | 10.6
Air Magic      | 6 7 10 | 10.6
Spellcasting   | 6 7 |  7.0
Dodging        | |  2.1
Stealth        | |  2.0

Action                   |  1- 3 |  4- 6 || total
-------------------------+-------+-------++-------
Melee: Falchion          |     1 |     4 ||     5
       Peck              |     1 |     1 ||     2
       Kick              |       |     2 ||     2
 Cast: Shock             |    25 |     9 ||    34
       Airstrike         |       |     8 ||     8
 Abil: Fly               |       |     1 ||     1
  Use: Potion            |     2 |       ||     2
       Scroll            |       |     1 ||     1
 Stab: Sleeping          |       |     1 ||     1
Armor: Robe              |     1 |       ||     1
Dodge: Dodged            |    13 |    11 ||    24
       Rpst.: Falchion   |     2 |     5 ||     7

Table legend: (Time is in decaauts)
 A = Elapsed time spent in this place.
 B = Non-inter-level travel time spent in this place.
 C = Inter-level travel time spent in this place.
 D = Time resting spent in this place.
 E = Time spent auto-exploring this place.
 F = Levels seen in this place.
 G = Mean time per level.
                   A        B        C        D        E       F      G
               +--------+--------+--------+--------+--------+-----+--------+
         Total |   1057 |   1057 |      0 |    687 |    151 |   1 | 1057.0 |
       Dungeon |   1057 |   1057 |      0 |    687 |    151 |   1 | 1057.0 |
               +--------+--------+--------+--------+--------+-----+--------+

Top non-repeatable levels by time:
       D: 1057 daAuts
